 Dungeon Crawl Stone Soup version 0.23.2-40-g277498a001 (webtiles) character file.

Game seed: 16188751095189641619

20153 Descartes the Covert (level 12, -13/51 HPs)
             Began as a Spriggan Conjurer on Aug 22, 2019.
             Was an Initiate of Gozag.
             Mangled by Rupert
             ... wielding a +2 vampiric executioner's axe
              (24 damage)
             ... on level 3 of the Lair of Beasts.
             The game lasted 02:08:28 (36856 turns).

Descartes the Covert (Spriggan Conjurer)           Turns: 36856, Time: 02:08:29

Health: -13/51     AC:  9    Str:  4    XL:     12   Next: 42%
Magic:  24/28      EV: 20    Int: 24    God:    Gozag
Gold:   440        SH:  0    Dex: 21    Spells: 3/34 levels left

rFire    . . .     SeeInvis +   O - +3 dagger (drain)
rCold    . . .     Gourm    .   (shield restricted)
rNeg     . . .     Faith    .   K - +0 swamp dragon scales
rPois    +         Spirit   .   S - +1 hat
rElec    .         Reflect  .   (no cloak)
rCorr    .         Harm     .   (gloves unavailable)
MR       ++...                  (boots unavailable)
Stlth    ++++++....             T - amulet "Daent" {RegenMP Int+2}
HPRegen  0.17/turn              I - ring of stealth
MPRegen  0.46/turn              L - +5 ring of dexterity

@: studying Bows, very quick
A: very small, unfitting armour, see invisible, herbivore, speed 3, slow
metabolism 2
a: Potion Petition, Call Merchant, Bribe Branch, Renounce Religion


You were on level 3 of the Lair of Beasts.
You worshipped Gozag.
Gozag was aware of your devotion.
You were near starving.

You visited 4 branches of the dungeon, and saw 18 of its levels.
You also visited: Sewer.

You collected 1788 gold pieces.
You spent 1300 gold pieces at shops.
You paid 48 gold pieces to Gozag.

Inventory:

Hand Weapons
 O - a +3 dagger of draining (weapon)
 U - the +4 trident of the Chickpea {pain, Str+4}
   (You took it off a gnoll sergeant on level 6 of the Dungeon)

   In the hands of one skilled in necromantic magic, it inflicts extra damage on
   living creatures.
   It affects your strength (+4).
 Z - a +0 quick blade
Missiles
 e - 2 curare-tipped needles
 f - 356 stones (quivered)
 h - 11 bolts
 r - 224 arrows
 v - 121 poisoned needles
 J - 3 throwing nets
 N - 81 sling bullets
 Q - 4 tomahawks
Armour
 a - a +0 robe
 K - +0 swamp dragon scales (worn)
 S - a +1 hat (worn)
 X - a +0 buckler
Magical Staves
 x - an uncursed staff of power
 M - an uncursed staff of wizardry
Jewellery
 t - an uncursed ring of wizardry
 u - an uncursed ring of flight
 F - an uncursed ring of wizardry
 I - a ring of stealth (left hand)
 L - a +5 ring of dexterity (right hand)
 T - the amulet "Daent" (around neck) {RegenMP Int+2}
   (You took it off a gnoll shaman on level 6 of the Dungeon)

   [amulet of magic regeneration]

   It increases your magic regeneration.
   It affects your intelligence (+2).
Wands
 z - a wand of scattershot (14)
 E - a wand of random effects (36)
 P - a wand of iceblast (8)
 V - a wand of acid (13)
Scrolls
 d - 8 scrolls of remove curse
 k - a scroll of brand weapon {unknown}
 l - 3 scrolls of immolation
 m - 8 scrolls of teleportation
 o - 2 scrolls of amnesia
 y - 2 scrolls of blinking
 A - a scroll of fear
 C - 4 scrolls of magic mapping
 G - a scroll of fog {unknown}
 H - 3 scrolls of silence {unknown}
 R - 4 scrolls of identify
Potions
 b - a potion of resistance
 g - 2 potions of brilliance
 i - 4 potions of might
 j - a potion of lignification
 n - 2 potions of ambrosia
 p - 2 potions of flight
 q - 4 potions of curing
 s - 3 potions of haste
 w - 4 potions of agility
 B - 2 potions of heal wounds
 D - a potion of invisibility {unknown}
 Y - a potion of magic {unknown}
Books
 W - a manual of Bows
Comestibles
 c - 20 rations


   Skills:
 + Level 3.9 Short Blades
 + Level 3.5 Armour
 + Level 11.8 Dodging
 + Level 12.8 Stealth
 + Level 11.6 Spellcasting
 + Level 7.0 Conjurations
 + Level 9.0 Hexes
 + Level 4.4 Charms
 + Level 7.0 Translocations
 + Level 2.7 Air Magic


You had 3 spell levels left.
You knew the following spells:

 Your Spells              Type           Power        Failure   Level  Hunger
a - Magic Dart            Conj           ####         1%          1    None
b - Shock                 Conj/Air       ####         3%          1    None
c - Searing Ray           Conj           #####.       1%          2    None
d - Dazzling Spray        Conj/Hex       ######       2%          3    None
e - Fulminant Prism       Conj/Hex       ######....   9%          4    None
f - Ensorcelled Hibernat  Hex/Ice        #####.       5%          2    None
g - Confuse               Hex            ######..     1%          3    None
h - Force Lance           Conj/Tloc      #####...     13%         4    None
i - Iskenderun's Battles  Conj/Chrm      #####...     54%         5    ###....
j - Swiftness             Chrm/Air       ####....     9%          2    None
k - Iskenderun's Mystic   Conj           #####...     13%         4    None

Your spell library contained the following spells:

 Spells                   Type           Power        Failure   Level  Hunger
 Corona                   Hex            ######.      1%          1    None
 Tukima's Dance           Hex            ######..     1%          3    None
 Static Discharge         Conj/Air       #####...     10%         3    None
 Airstrike                Air            ####......   58%         4    None
 Lightning Bolt           Conj/Air       #####.....   65%         5    ###....
 Venom Bolt               Conj/Pois      ####......   83%         5    ###....
 Bolt of Magma            Conj/Fire/Erth ####......   94%         5    ###....
 Iron Shot                Conj/Erth      ####......   100%        6    #####..
 Orb of Destruction       Conj           #####.....   100%        7    ######.
 Spellforged Servitor     Conj/Summ      ####......   100%        7    ######.


Dungeon Overview and Level Annotations

Branches:
Dungeon (10/15)            Temple (1/1) D:4            Lair (6/6) D:10
  Swamp (1/4) Lair:2       Spider (0/4) Lair:4          Orc (0/2) D:10
  Slime: Lair:5-6

Altars:
Ashenzari
Cheibriados
Dithmenos
Elyvilon
Fedhas
Gozag
Hepliaklqana
Kikubaaqudgha
Makhleb
Nemelex Xobeh
Okawaru
Qazlal
Ru
Sif Muna
Trog
Uskayaw
Vehumet
Wu Jian
Xom
Yredelemnul
Zin
The Shining One

Shops:
D:6 [:*:}   D:8 ?   D:10 [

Annotations:
D:5 Harold
D:10 1 runed translucent door
Lair:1 exclusion: 2 oklob plants
Lair:2 3 runed translucent doors, tamionv's ghost, journeyman MiBe
Lair:3 Rupert


Innate Abilities, Weirdness & Mutations

You are very small and have problems with some larger weapons.
You are too small for most types of armour.
You have supernaturally acute eyesight. (SInv)
You are a herbivore.
You cover ground extremely quickly.
You need to consume almost no food.


Message History

Rupert looks more energetic.
You hit Rupert but do no damage.
Rupert is heavily wounded.
Rupert roars madly and goes into a rage!
Rupert goes berserk!
You closely miss Rupert.
Rupert is heavily wounded.
Rupert closely misses you.
You barely miss Rupert.
Rupert is heavily wounded.
Rupert hits you with a +2 vampiric executioner's axe!
You closely miss Rupert.
Rupert is heavily wounded.
Rupert hits you with a +2 vampiric executioner's axe!
* * * LOW HITPOINT WARNING * * *
You hit Rupert but do no damage. You drain Rupert.
Rupert is heavily wounded.
Rupert hits you with a +2 vampiric executioner's axe!!
You die...
Your body crumbles into a pile of gold.

#....## ##...P#
##....###.#..P#
##..........#######
#####.........#..###
##............P# .
#.....#...#...## ..
##...#######.#.###
...##
#.@.#######.....#
#.....
##@..P#P##....#.# #
##...##..$.........##
#
#.....#.............#
#
#.........##..###...#
# ###....########
##.## # #.....## ..#
## ....... #.# ##.
......# ## ## #..
......# .#. #..


You could see Rupert (berserk).

Vanquished Creatures
  Gastronok (D:9)
  2 hydras
  A two-headed ogre (D:7)
  Urug (Lair:3)
  The ghost of PeSeC the Covered, a novice MiFi of Okawaru (D:6)
  A lindwurm (Lair:3)
  2 black mambas
  3 spiny frogs (Lair:2)
  A kobold demonologist (D:9)
  2 komodo dragons
  A tyrant leech (Lair:2)
  2 bog bodies (Lair:2)
  A hornet (D:7)
  2 dream sheep (D:8)
  2 hippogriffs
  A vampire (D:9)
  A wyvern (Lair:1)
  A redback (Lair:3)
  11 yaks
  The ghost of FishyPogo the Skirmisher, an amateur MiGl (D:4)
  A hungry ghost (D:7)
  3 wargs (D:10)
  5 water moccasins
  7 porcupines
  Purgy (Sewer)
  9 orc warriors
  4 sky beasts
  A phantom (D:4)
  An ice beast (D:7)
  2 black bears (D:9)
  4 centaurs
  4 ogres
  4 wolves (Lair:3)
  15 big kobolds
  2 crocodiles
  7 bullfrogs
  3 gnoll sergeants (D:6)
  2 scorpions
  19 killer bees
  5 howler monkeys
  5 crimson imps
  4 quasits
  6 hounds
  7 orc priests
  11 orc wizards
  A bullfrog skeleton (D:4)
  2 centaur skeletons
  A gnoll shaman (D:6)
  3 iguanas
  3 worker ants
  A hound zombie (D:9)
  A hound skeleton (D:7)
  13 gnolls
  13 adders
  2 shadow imps
  An ooze (D:2)
  2 adder skeletons
  An adder zombie (D:7)
  3 worms
  3 dart slugs
  7 leopard geckos
  37 orcs
  6 giant cockroaches
  10 goblins
  4 hobgoblins
  5 jackals
  23 kobolds
  2 quokkas
  2 ball pythons
  A ball python zombie (D:5)
  5 bats
  7 frilled lizards
  A jackal zombie (D:8)
  A quokka skeleton (D:4)
  3 rats (D:2)
  A fungus (Lair:3)
  A plant (Lair:3)
336 creatures vanquished.

Vanquished Creatures (others)
  3 bushes (Lair:3)
  14 fulminant prisms
  10 fungi
  14 plants
41 creatures vanquished.

Grand Total: 377 creatures vanquished

Notes
Turn   | Place    | Note
-------+----------+-------------------------------------------
     0 | D:1      | Descartes the Spriggan Conjurer began the quest for the
                  | Orb.
     0 | D:1      | Reached XP level 1. HP: 9/9 MP: 5/5
   467 | D:1      | Reached XP level 2. HP: 13/13 MP: 3/6
  1838 | D:2      | Reached XP level 3. HP: 8/16 MP: 1/8
  2425 | D:2      | Reached skill level 4 in Stealth
  2465 | D:2      | Found a sacrificial altar of Ru.
  2552 | D:2      | Found a glowing silver altar of Zin.
  2750 | D:2      | Found an opulent altar of Gozag.
  2750 | D:2      | Found a blossoming altar of Fedhas.
  2750 | D:2      | Found an ornate altar of the Wu Jian Council.
  3094 | D:2      | Found a sacrificial altar of Ru.
  3099 | D:2      | Found a glowing silver altar of Zin.
  3102 | D:2      | Found an opulent altar of Gozag.
  3102 | D:2      | Found a blossoming altar of Fedhas.
  3102 | D:2      | Found an ornate altar of the Wu Jian Council.
  3949 | D:3      | Reached XP level 4. HP: 14/21 MP: 6/10
  4192 | D:3      | Found a hide-covered altar of Uskayaw.
  4192 | D:3      | Found a shattered altar of Ashenzari.
  4499 | D:3      | Found a glowing drain.
  4507 | Sewer    | Entered a sewer
  4631 | Sewer    | Noticed Purgy
  4666 | Sewer    | Killed Purgy
  4666 | Sewer    | Reached skill level 5 in Stealth
  4666 | Sewer    | Reached XP level 5. HP: 16/24 MP: 0/12
  5045 | D:3      | Reached skill level 5 in Dodging
  5514 | D:3      | Found a shattered altar of Ashenzari.
  5515 | D:3      | Found a hide-covered altar of Uskayaw.
  5740 | D:4      | Learned a level 2 spell: Searing Ray
  5744 | D:4      | Learned a level 3 spell: Dazzling Spray
  5749 | D:4      | Learned a level 4 spell: Iskenderun's Mystic Blast
  5855 | D:4      | Noticed FishyPogo's ghost (amateur MiGl)
  5858 | D:4      | Found a runed translucent door.
  5951 | D:4      | Noticed a phantom
  5975 | D:4      | Killed a phantom
  5975 | D:4      | Reached skill level 6 in Stealth
  5975 | D:4      | Reached XP level 6. HP: 14/28 MP: 12/14
  6332 | D:4      | Found a staircase to the Ecumenical Temple.
  6341 | Temple   | Entered the Ecumenical Temple
  6598 | D:2      | Became a worshipper of Gozag Ym Sagoz the Greedy
  6812 | D:4      | Reached skill level 1 in Hexes
  7421 | D:4      | Killed FishyPogo's ghost
  7421 | D:4      | Reached skill level 5 in Spellcasting
  7421 | D:4      | Reached XP level 7. HP: 32/32 MP: 7/15
  7542 | D:5      | Entered Level 5 of the Dungeon
  8018 | D:5      | Reached skill level 7 in Stealth
  8978 | D:5      | Reached XP level 8. HP: 18/36 MP: 17/17
  9209 | D:5      | Learned a level 4 spell: Fulminant Prism
  9634 | D:6      | Found Yjosugox's Gadget Shoppe.
  9658 | D:6      | Learned a level 2 spell: Ensorcelled Hibernation
  9662 | D:6      | Learned a level 3 spell: Confuse
  9674 | D:6      | Reached skill level 8 in Stealth
  9910 | D:6      | Found Kadeycwe's Armour Emporium.
 10028 | D:6      | Found Miewn's Book Shop.
 10039 | D:6      | Found Uvoockof's General Store.
 10081 | D:6      | Found a shimmering altar of Xom.
 10084 | D:6      | Found Animurol's Book Boutique.
 10152 | D:6      | Identified the +4 trident of the Chickpea {pain, Str+4}
 10160 | D:6      | Found a transporter.
 10196 | D:6      | Found a transporter.
 10200 | D:6      | Noticed PeSeC's ghost (novice MiFi)
 10247 | D:6      | Identified the amulet "Daent" {RegenMP Int+2}
 10859 | D:7      | Noticed Harold
 11222 | D:6      | Found Uvoockof's General Store.
 11229 | D:6      | Found Miewn's Book Shop.
 11655 | D:6      | Found Yjosugox's Gadget Shoppe.
 11682 | D:6      | Found Animurol's Book Boutique.
 11689 | D:6      | Found a shimmering altar of Xom.
 11747 | D:6      | Found a transporter.
 11789 | D:6      | Found a transporter.
 12153 | D:6      | Found Kadeycwe's Armour Emporium.
 12228 | D:6      | Found Uvoockof's General Store.
 12235 | D:6      | Found Miewn's Book Shop.
 12574 | D:6      | Found Yjosugox's Gadget Shoppe.
 12579 | D:6      | Found Animurol's Book Boutique.
 12754 | D:6      | Found a shimmering altar of Xom.
 12912 | D:6      | Found a transporter.
 12948 | D:6      | Found a transporter.
 13472 | D:6      | Found a transporter.
 13490 | D:6      | Found Miewn's Book Shop.
 13502 | D:6      | Found a shimmering altar of Xom.
 13508 | D:6      | Found Animurol's Book Boutique.
 13516 | D:6      | Found Yjosugox's Gadget Shoppe.
 13545 | D:6      | Reached skill level 5 in Conjurations
 13796 | D:6      | Found a transporter.
 14642 | D:6      | Reached skill level 9 in Stealth
 15001 | D:7      | Reached XP level 9. HP: 39/39 MP: 20/20
 15036 | D:6      | Reached skill level 5 in Hexes
 17499 | D:8      | Reached skill level 10 in Stealth
 18611 | D:8      | Noticed a two-headed ogre
 18766 | D:7      | Killed a two-headed ogre
 18766 | D:7      | Reached XP level 10. HP: 44/44 MP: 23/24
 18830 | D:6      | Bought +0 swamp dragon scales for 500 gold pieces
 18847 | D:6      | Learned a level 4 spell: Force Lance
 18891 | D:6      | Found Uvoockof's General Store.
 19405 | D:8      | Reached skill level 10 in Dodging
 19405 | D:8      | Reached skill level 1 in Translocations
 19704 | D:8      | Found Zuuvuis's Magic Scroll Boutique.
 20380 | D:8      | Reached skill level 11 in Stealth
 21007 | D:8      | Reached skill level 1 in Armour
 21151 | D:8      | Noticed a two-headed hydra
 21208 | D:8      | Killed a two-headed hydra
 21208 | D:8      | Reached skill level 10 in Spellcasting
 21767 | D:8      | Found Zuuvuis's Magic Scroll Boutique.
 22574 | D:9      | Found a bloodstained altar of Trog.
 23218 | D:9      | Reached skill level 1 in Short Blades
 23348 | D:9      | Reached XP level 11. HP: 47/47 MP: 15/26
 23669 | D:9      | Noticed Gastronok
 24212 | D:9      | Found a bloodstained altar of Trog.
 25290 | D:9      | Found a bloodstained altar of Trog.
 26142 | D:9      | Found a bloodstained altar of Trog.
 26265 | D:9      | Killed Gastronok
 27067 | D:10     | Entered Level 10 of the Dungeon
 27188 | D:10     | Found an opulent altar of Gozag.
 27378 | D:10     | Reached skill level 5 in Translocations
 27722 | D:6      | Bought a book of Power for 450 gold pieces
 27728 | D:6      | Learned a level 5 spell: Iskenderun's Battlesphere
 27728 | D:6      | Bought a book of Air for 350 gold pieces
 27731 | D:6      | Learned a level 2 spell: Swiftness
 27733 | D:6      | Learned a level 1 spell: Shock
 28179 | D:6      | HP: 1/47 [gnoll/+0 whip (2)]
 29758 | D:6      | Killed PeSeC's ghost
 29997 | D:10     | Found a staircase to the Orcish Mines.
 30030 | D:9      | Reached skill level 12 in Stealth
 30030 | D:9      | Reached skill level 1 in Charms
 30055 | D:10     | Found Dajiev's Antique Armour Emporium.
 30559 | D:10     | Found a staircase to the Lair.
 30805 | D:10     | Found a runed translucent door.
 30807 | D:10     | Noticed a sixfirhy
 31170 | Lair:1   | Entered Level 1 of the Lair of Beasts
 31484 | Lair:1   | Reached skill level 1 in Air Magic
 31858 | Lair:1   | Noticed an oklob plant
 31863 | Lair:1   | Noticed an oklob plant
 32747 | Lair:2   | Found a runed translucent gate.
 32747 | Lair:2   | Found a runed translucent gate.
 32747 | Lair:2   | Found a runed translucent gate.
 32794 | Lair:2   | Found a staircase to the Swamp.
 32846 | Lair:2   | Noticed tamionv's ghost (journeyman MiBe)
 33502 | Lair:3   | Reached XP level 12. HP: 50/51 MP: 16/28
 34409 | Lair:3   | You fall through a shaft for 3 floors!
 34409 | Lair:6   | Entered Level 6 of the Lair of Beasts
 34411 | Lair:6   | Noticed a death yak
 34471 | Lair:6   | Noticed a four-headed hydra
 34522 | Lair:6   | Noticed a deep troll shaman
 34522 | Lair:6   | Noticed a death yak
 34523 | Lair:6   | Noticed a death yak
 34523 | Lair:6   | Noticed a death yak
 34528 | Lair:6   | Noticed a death yak
 34528 | Lair:6   | Noticed a catoblepas
 34661 | Lair:5   | Noticed a five-headed hydra
 35049 | Lair:4   | Found a hole to the Spider Nest.
 35691 | Lair:3   | Noticed a seven-headed hydra
 35710 | Lair:3   | Killed a seven-headed hydra
 35861 | Lair:3   | Noticed Rupert
 35993 | Swamp:1  | Entered Level 1 of the Swamp
 36425 | Lair:3   | Noticed Urug
 36464 | Lair:3   | Killed Urug
 36856 | Lair:3   | Mangled by Rupert

Skill      XL: |  1  2  3  4  5  6  7  8  9 10 11 12 |
---------------+-------------------------------------+-----
Conjurations   | 3 4 5 6 7 |  7.0
Spellcasting   | 3 4 5 7 9 10 11 | 11.6
Stealth        | 4 5 6 7 9 10 11 12 | 12.8
Dodging        | 4 5 6 7 8 9 10 11 | 11.8
Hexes          | 1 3 4 6 7 8 9 |  9.0
Translocations | 4 6 7 |  7.0
Armour         | 1 3 |  3.5
Short Blades   | 1 3 |  3.9
Charms         | 3 4 |  4.4
Air Magic      | 1 2 |  2.7

Action                   |  1- 3 |  4- 6 |  7- 9 | 10-12 || total
-------------------------+-------+-------+-------+-------++-------
Melee: Unarmed           |     5 |       |       |       ||     5
       Dagger            |     7 |    14 |       |   107 ||   128
       Staff             |       |     1 |       |       ||     1
 Cast: Magic Dart        |   179 |   177 |   471 |   798 ||  1625
       Dazzling Spray    |       |     5 |    22 |   139 ||   166
       Searing Ray       |       |     4 |    37 |    47 ||    88
       Iskenderun's Myst |       |     1 |       |       ||     1
       Fulminant Prism   |       |       |     6 |     8 ||    14
       Shock             |       |       |       |    39 ||    39
       Confuse           |       |       |       |     7 ||     7
Invok: Potion Petition   |       |       |       |     1 ||     1
  Use: Potion            |       |     5 |       |       ||     5
       Scroll            |       |    10 |     1 |    11 ||    22
 Stab: Sleeping          |       |       |       |     1 ||     1
       Invisible         |       |       |       |     2 ||     2
  Eat: Ration            |       |     2 |     6 |     7 ||    15
Armor: Robe              |       |     1 |     5 |       ||     6
       Swamp dragon scal |       |       |       |    58 ||    58
Dodge: Dodged            |    21 |    70 |   256 |   316 ||   663
